 Dungeon Crawl Stone Soup version 0.27.1-33-g824d729ab1 (webtiles) character file.

Game seed: 10363875235280918576

56 bearlyready the Grave Robber (level 3, -4/26 HPs)
             Began as a Demonspawn Necromancer on Nov 24, 2021.
             Killed by nerve-wracking pain
             ... invoked by Jessica
              (5 damage)
             ... on level 2 of the Dungeon.
             The game lasted 00:04:05 (3543 turns).

bearlyready the Grave Robber (DsNe)                 Turns: 3543, Time: 00:04:05

Health: -4/26      AC:  5    Str:  8    XL:     3   Next: 69%
Magic:  4/6        EV: 11    Int: 17    God:
Gold:   71         SH:  0    Dex: 13    Spells: 4/6 levels left

rFire    + . .     SeeInvis .   e - +0 whip
rCold    . . .     Faith    .   (no shield)
rNeg     . . .     Spirit   .   f - +0 leather armour
rPois    .         Reflect  .   (helmet restricted)
rElec    .         Harm     .   (no cloak)
rCorr    .         Rampage  .   d - +0 pair of gloves
Will     .....                  h - +0 pair of boots
Stlth    ++........             (no amulet)
HPRegen  0.08/turn              c - ring of protection from fire
MPRegen  0.10/turn              (no ring)

@: no status effects
A: antennae 1, talons 1
a: no special abilities


You were on level 2 of the Dungeon.
You visited 1 branch of the dungeon, and saw 3 of its levels.

You collected 71 gold pieces.

Inventory:

Hand Weapons
 e - a +0 whip (weapon)
Armour
 a - a +0 robe
 d - a +0 pair of gloves (worn)
 f - a +0 leather armour (worn)
 h - a +0 pair of boots (worn)
Jewellery
 c - a ring of protection from fire (left hand)
Scrolls
 b - a scroll of teleportation {unknown}
 j - 2 scrolls of fear {unknown}
 k - a scroll of magic mapping {unknown}
 l - a scroll of noise {unknown}
Potions
 g - 2 potions of curing {unknown}
 i - a potion of might {unknown}


   Skills:
 + Level 1.2 Fighting
 + Level 1.2 Maces & Flails
 - Level 1.7 Dodging
 - Level 1.7 Stealth
 - Level 2.0 Spellcasting
 + Level 5.3 Necromancy


You had 4 spell levels left.
You knew the following spells:

 Your Spells              Type           Power      Damage    Failure   Level
a - Pain                  Necr           76%        1d7       3%          1
b - Animate Skeleton      Necr           38%        N/A       3%          1

Your spell library contained the following spells:

 Spells                   Type           Power      Damage    Failure   Level
 Vampiric Draining        Necr           9%         2d7       10%         3
 Animate Dead             Necr           9%         N/A       30%         4
 Agony                    Necr           19%        N/A       65%         5
 Malign Gateway           Summ/Tloc      0%         N/A       100%        7
 Summon Horrible Things   Summ           0%         N/A       100%        8


Dungeon Overview and Level Annotations

Branches:
Dungeon (3/15)

Altars:

Annotations:
D:2 Jessica
D:3 3 runed translucent doors, Baconl0rd's ghost, amateur DgTm


Innate Abilities, Weirdness & Mutations

You have a pair of small antennae on your head.
You have sharp toenails.


Message History

There is an escape hatch in the ceiling here.
Jessica the Apprentice Sorceress comes into view.
She is wielding a +2 vampiric dagger.
Jessica is nearby!
Jessica is nearby!
Jessica shouts!
You barely miss Jessica.
Jessica gestures wildly.
Jessica misses you.
You barely miss Jessica. Jessica hits you but does no damage.
You hit Jessica.
Jessica is heavily wounded.
Jessica very coldly says, "I hate your company."
Jessica casts a spell at you. Pain shoots through your body!
You closely miss Jessica.
Jessica is heavily wounded.
Jessica hits you with a +2 vampiric dagger.
Jessica draws strength from your wounds!
You hit Jessica but do no damage.
Jessica is moderately wounded.
Jessica closely misses you.
Casting: Animate Skeleton (safe; 3% risk of failure)
Confirm with . or Enter, or press ? or * to list all spells.
Aiming: Pain (safe; 3% risk of failure)
Press: ? - help, Shift-Dir - straight line, f - Jessica
Aim: Jessica, wielding a +2 vampiric dagger and wearing a +0 robe (moderately wounded, chance to affect: 84%) Jessica writhes in agony.
Jessica casts a spell at you. Pain shoots through your body!
* * * LOW HITPOINT WARNING * * *
Casting: Pain (safe; 3% risk of failure)
Confirm with . or Enter, or press ? or * to list all spells.
Aiming: Pain (safe; 3% risk of failure)
Press: ? - help, Shift-Dir - straight line, f/p - Jessica
Aim: Jessica, wielding a +2 vampiric dagger and wearing a +0 robe (heavily wounded, chance to affect: 84%) Jessica writhes in agony.
Jessica very coldly says, "I hate your company."
Jessica gestures at you while chanting. Pain shoots through your body!
You die...

##..##.###.## ..#....#
#..# #.#.##.# ##.#####
#...##..###.....#######
##.........####.......#
#.##.###.............#
#.# ..#####<###......#
#.### # #..........#
..# #####@.....#
#.@....# #......#
#......# #......#
...##### ####


You could see Jessica.

Vanquished Creatures
  A worm (D:2)
  3 dart slugs (D:1)
  3 ball pythons (D:1)
  4 bats
  6 endoplasms
  A giant cockroach (D:1)
  A goblin (D:1)
  2 hobgoblins (D:2)
  8 jackals
  4 quokkas
  2 frilled lizards
  A kobold (D:1)
  5 rats
41 creatures vanquished.

Vanquished Creatures (collateral kills)
  An endoplasm (D:2)
1 creature vanquished.

Grand Total: 42 creatures vanquished

Notes
Turn   | Place    | Note
-------+----------+-------------------------------------------
     0 | D:1      | bearlyready the Demonspawn Necromancer began the quest for
                  | the Orb.
     0 | D:1      | Reached XP level 1. HP: 13/13 MP: 3/3
  1012 | D:1      | Gained mutation: You have sharp toenails. [demonic
                  | ancestry]
  1012 | D:1      | Reached XP level 2. HP: 16/19 MP: 5/5
  1015 | D:1      | Learned a level 1 spell: Animate Skeleton
  1072 | D:1      | Reached skill level 5 in Necromancy
  1579 | D:1      | Found a faded altar of an unknown god.
  1985 | D:1      | Gained mutation: You have a pair of small antennae on your
                  | head. [demonic ancestry]
  1985 | D:1      | Reached XP level 3. HP: 25/25 MP: 6/6
  2478 | D:2      | You fall into a shaft and drop 1 floor!
  2481 | D:3      | Found a runed translucent gate.
  2481 | D:3      | Found a runed translucent gate.
  2481 | D:3      | Found a runed translucent gate.
  2484 | D:3      | Noticed Baconl0rd's ghost (amateur DgTm)
  2571 | D:2      | Reached skill level 1 in Fighting
  2772 | D:2      | Reached skill level 1 in Maces & Flails
  3194 | D:2      | HP: 1/26 [frozen (3)]
  3534 | D:2      | Noticed Jessica
  3542 | D:2      | HP: 1/26 [Jessica/nerve-wracking pain (12)]
  3543 | D:2      | Killed from afar by Jessica

Illustrated notes

Levels and vault maps discovered:
D:1:      nicolae_arrival_memento_mori, layout_loops_ring,
          shapermc_ecumenical_altar_mp_ritualfount, grunt_decor_clamped
D:2:      layout_rooms, uniq_jessica
D:3:      layout_loops_corners, gammafunk_ghost_split

Skill      XL: |  1  2  3 |
---------------+----------+-----
Necromancy     | 5 |  5.3
Fighting       | 1 |  1.2
Maces & Flails | 1 |  1.2
Dodging        | |  1.7
Stealth        | |  1.7
Spellcasting   | |  2.0

Action                   || total
-------------------------++-------
Melee: Unarmed           ||    54
       Whip              ||   178
       Kick              ||     7
 Cast: Pain              ||    19
       Animate Skeleton  ||     3
 Stab: Sleeping          ||     1
Armor: Robe              ||    24
       Leather armour    ||    55
Dodge: Dodged            ||   160
